 Dungeon Crawl Stone Soup version 0.24-a0-441-g27f0392e16 (webtiles) character file.

Game seed: 17466733832653164225

13273 HAL9000 the Transmogrifier (level 11, -2/95 HPs)
             Began as a Pale Draconian Transmuter on June 20, 2019.
             Was a Follower of Ru.
             Killed from afar by a lava snake (15 damage)
             ... with a glob of lava
             ... on level 3 of the Lair of Beasts.
             The game lasted 00:40:44 (18376 turns).

HAL9000 the Transmogrifier (DrTm)                  Turns: 18376, Time: 00:40:45

Health: -2/95      AC:  7    Str: 13    XL:     11   Next: 73%
Magic:  18/22      EV: 14    Int: 16    God:    Ru [*.....]
Gold:   801        SH:  0    Dex: 12    Spells: 4/24 levels left

rFire    . . .     SeeInvis .     - Unarmed
rCold    . . .     Gourm    .   (shield currently unavailable)
rNeg     . . .     Faith    .   (armour unavailable)
rPois    .         Spirit   .   (helmet restricted)
rElec    .         Reflect  .   (no cloak)
rCorr    .         Harm     .   (gloves currently unavailable)
MR       .....                  (no boots)
Stlth    ++........             (no amulet)
HPRegen  0.25/turn              o - ring of stealth
MPRegen  0.18/turn              (no ring)

@: about to teleport, blade hands, no potions
A: breathe steam, unfitting armour, cold-blooded, inability to drink while
threatened, AC +7
a: Breathe Steam, End Transformation, Sacrifice Essence, Sacrifice Words,
Sacrifice Stealth, Reject Sacrifices, Renounce Religion


You were on level 3 of the Lair of Beasts.
You worshipped Ru.
Ru was aware of your devotion.
You were hungry.
You had blades for hands.
You visited 3 branches of the dungeon, and saw 13 of its levels.

You collected 840 gold pieces.
You spent 39 gold pieces at shops.

Inventory:

Hand Weapons
 D - a +2 scimitar of holy wrath
Missiles
 a - 44 arrows
Jewellery
 g - an uncursed ring of flight
 o - a ring of stealth (left scythe-like blade)
Wands
 v - a wand of paralysis (10)
Scrolls
 b - a scroll of blinking {unknown}
 h - 4 scrolls of enchant weapon {unknown}
 j - 5 scrolls of remove curse
 m - a scroll of fear
 n - 3 scrolls of enchant armour
 r - a scroll of acquirement
 s - 2 scrolls of teleportation
 t - a scroll of amnesia
 u - a scroll of silence {unknown}
 w - a scroll of immolation
 y - 2 scrolls of noise {unknown}
 B - 4 scrolls of magic mapping
 E - a scroll of summoning {unknown}
Potions
 d - 2 potions of heal wounds
 e - 3 potions of curing
 f - 3 potions of lignification
 k - 2 potions of cancellation
 l - a potion of resistance
 p - a potion of haste
 q - a potion of berserk rage
 x - a potion of flight
 z - a potion of might
 A - a potion of agility
Miscellaneous
 C - a lightning rod (4/4)
Comestibles
 c - 13 rations


   Skills:
 - Level 8.3 Fighting
 + Level 4.9 Dodging
 - Level 8.0 Unarmed Combat
 - Level 7.4 Spellcasting
 * Level 5.2 Charms
 - Level 10.4 Transmutations
 - Level 5.0 Earth Magic


You had 4 spell levels left.
You knew the following spells:

 Your Spells              Type           Power        Failure   Level  Hunger
a - Beastly Appendage     Tmut           #####.       8%          1    None
b - Sticks to Snakes      Tmut           #####...     10%         2    None
c - Spider Form           Tmut/Pois      ###.......   30%         3    ##.....
d - Blade Hands           Tmut           #####.....   32%         5    #####..
e - Statue Form           Tmut/Erth      ####.....    91%         6    #######
f - Regeneration          Chrm/Necr      ##........   50%         3    ##.....

Your spell library contained the following spells:

 Spells                   Type           Power        Failure   Level  Hunger
 Petrify                  Tmut/Erth      ####....     32%         4    ####...
 Animate Skeleton         Necr           N/A          50%         1    None
 Confusing Touch          Hex            #.....       50%         1    None
 Pain                     Necr           #...         50%         1    None
 Sting                    Conj/Pois      #...         50%         1    None
 Ice Form                 Ice/Tmut       ###.....     54%         4    ####...
 Poisonous Vapours        Pois/Air       #.....       61%         2    None
 Sublimation of Blood     Necr           #.........   61%         2    None
 Confuse                  Hex            #.......     77%         3    ##.....
 Gell's Gravitas          Tloc           #.........   77%         3    ##.....
 Mephitic Cloud           Conj/Pois/Air  #.......     77%         3    ##.....
 Vampiric Draining        Necr           #.........   77%         3    ##.....
 Leda's Liquefaction      Hex/Erth       ##........   80%         4    ####...
 Animate Dead             Necr           N/A          97%         4    ####...
 Olgreb's Toxic Radiance  Pois           #.......     97%         4    ####...
 Yara's Violent Unravell  Hex/Tmut       ###.......   78%         5    #####..
 Bolt of Magma            Conj/Fire/Erth ##........   99%         5    #####..
 Metabolic Englaciation   Hex/Ice        #.........   100%        5    #####..
 Venom Bolt               Conj/Pois      #.........   100%        5    #####..
 Iron Shot                Conj/Erth      ##........   100%        6    #######
 Shatter                  Erth           ###.......   100%        9    #######


Dungeon Overview and Level Annotations

Branches:
Dungeon (9/15)             Temple (1/1) D:4            Lair (3/6) D:8
 Spider (0/4) Lair:2
  Swamp: Lair:2-4    Shoals: Lair:2-4       Orc: D:9-12

Altars:
Ashenzari
Cheibriados
Dithmenos
Elyvilon
Fedhas
Gozag
Hepliaklqana
Kikubaaqudgha
Makhleb
Nemelex Xobeh
Okawaru
Qazlal
Ru
Sif Muna
Trog
Uskayaw
Vehumet
Wu Jian
Xom
Yredelemnul
Zin
The Shining One

Shops:
D:5 ?%(=[   D:6 [   D:7 :   D:9 [

Annotations:
Lair:1 exclusion: 4 electric eels
Lair:2 exclusions: orb spider and 1 more exclusion
Lair:3 2 transporters, Qocimuv's ghost, journeyman GrFi


Innate Abilities, Weirdness & Mutations

You can breathe blasts of scalding, opaque steam.
Your pale cyan-grey scales are hard. (AC +7)
You cannot fit into any form of body armour.
You are cold-blooded and may be slowed by cold attacks.
You cannot drink potions while threatened.


Message History

The glob of lava hits you!!
You feel threatened and lose the ability to drink potions!
The molten gargoyle closely misses you. The lava snake spits lava at you.
The glob of lava hits you!
The molten gargoyle blasts magma at you!
The bolt of magma misses you.
You barely miss the molten gargoyle.
The molten gargoyle is lightly damaged.
A lava snake comes into view.
Unknown command.
You completely miss the molten gargoyle.
The molten gargoyle is lightly damaged.
The molten gargoyle hits you with a +0 dire flail!!
* * * LOW HITPOINT WARNING * * *
You are engulfed in flames!
* * * LOW HITPOINT WARNING * * *
The lava snake spits lava at you. The glob of lava hits you!
You die...

...............................<.
.................................
..........................<##..##
...........................##..##
......#####.####..........###..§§
##..### ≈§###§S####.......###..§§
#### #≈S§≈S..§≈##.....###..≈≈≈
#§.....≈≈##....# #..≈≈≈
#...§9@.≈##...####..≈≈≈
#...§≈§≈.≈§##.####..≈≈≈≈
#...≈§§##..≈≈####..##≈≈≈#
...≈≈≈####........###≈≈## ####
.≈≈≈###..#≈≈...≈≈## ≈≈≈#. ##..###
≈≈≈##....##§≈≈§≈## ≈≈≈#.
......######......##≈≈≈≈§≈≈ ≈≈##.
...................##≈≈≈≈≈≈≈ ##..
....................##§§######...


You could see a molten gargoyle and 3 lava snakes.

Vanquished Creatures
  2 two-headed ogres (D:8)
  3 black mambas
  A molten gargoyle (Lair:3)
  A rime drake (Lair:1)
  4 spiny frogs
  A komodo dragon (Lair:3)
  A hornet (D:6)
  3 blink frogs (Lair:3)
  4 hippogriffs
  A spriggan (D:7)
  10 yaks
  2 swamp worms (Lair:2)
  Duvessa (D:4)
  6 water moccasins
  4 porcupines
  A black bear (D:7)
  4 orc warriors
  3 sky beasts
  2 ice beasts
  A phantom (D:6)
  4 wolves (Lair:1)
  A centaur (D:6)
  3 ogres
  6 crocodiles
  3 big kobolds
  4 bullfrogs
  A gnoll sergeant (D:6)
  Dowan (D:4)
  A water moccasin zombie (D:6)
  2 scorpions
  A water moccasin skeleton (D:8)
  5 killer bees (D:8)
  An electric eel (D:7)
  2 vampire bats (D:2)
  5 wights (D:8)
  2 howler monkeys
  3 crimson imps
  A bullfrog zombie (D:7)
  3 lava snakes
  An orc priest (D:8)
  7 orc wizards
  A centaur skeleton (D:7)
  Jessica (D:3)
  An iguana (D:6)
  3 worker ants
  A howler monkey zombie (D:7)
  5 gnolls
  7 adders
  4 shadow imps
  An adder zombie (D:6)
  3 worms
  2 dart slugs
  7 leopard geckos
  33 orcs
  A bat skeleton (D:2)
  5 bat zombies (D:2)
  2 giant cockroaches
  6 goblins
  4 hobgoblins
  4 jackals (D:1)
  3 quokkas
  2 ball pythons (D:1)
  3 bats
  7 frilled lizards
  A goblin skeleton (D:8)
  A goblin zombie (D:8)
  2 hobgoblin zombies (D:8)
  32 kobolds
  A kobold zombie (D:8)
  A leopard gecko skeleton (D:6)
  A leopard gecko zombie (D:8)
  4 orc skeletons (D:8)
  3 orc zombies (D:8)
  6 rats
270 creatures vanquished.

Vanquished Creatures (collateral kills)
  A black mamba (Lair:3)
  A komodo dragon (Lair:1)
  A blink frog (Lair:3)
  A yak (D:7)
  A jelly (D:6)
  An adder (D:2)
  A quokka (D:3)
7 creatures vanquished.

Grand Total: 277 creatures vanquished

Notes
Turn   | Place    | Note
-------+----------+-------------------------------------------
     0 | D:1      | HAL9000 the Draconian Transmuter began the quest for the
                  | Orb.
     0 | D:1      | Reached XP level 1. HP: 16/16 MP: 3/3
   361 | D:1      | Reached XP level 2. HP: 22/23 MP: 3/5
   439 | D:1      | Learned a level 2 spell: Sticks to Snakes
   508 | D:1      | Reached XP level 3. HP: 28/28 MP: 4/6
   597 | D:1      | Learned a level 3 spell: Spider Form
  1319 | D:2      | Found a glowing golden altar of the Shining One.
  1367 | D:2      | Found a shadowy altar of Dithmenos.
  1424 | D:2      | Reached XP level 4. HP: 35/35 MP: 7/7
  1438 | D:2      | Reached skill level 5 in Unarmed Combat
  1445 | D:2      | Found an ancient bone altar of Kikubaaqudgha.
  1464 | D:2      | Reached XP level 5. HP: 31/40 MP: 8/8
  1833 | D:3      | Noticed Jessica
  1836 | D:3      | Killed Jessica
  1937 | D:3      | Identified Jessica's Compendium of Evil Rites
  2079 | D:3      | You fall into a shaft and drop 2 floors!
  2079 | D:5      | Entered Level 5 of the Dungeon
  2137 | D:5      | Found Irghupt's Weapon Emporium.
  2139 | D:5      | Found Zudeung's Jewellery Shoppe.
  2157 | D:5      | Found Zeatapn's Antique Armour Boutique.
  2157 | D:5      | Noticed an ice beast
  2198 | D:5      | Killed an ice beast
  2198 | D:5      | Reached XP level 6. HP: 23/47 MP: 0/9
  2652 | D:5      | Found Nasug's Magic Scroll Emporium.
  2660 | D:5      | Bought a scroll of teleportation for 39 gold pieces
  2745 | D:5      | Found Fyes's Food Boutique.
  2898 | D:6      | Noticed a sky beast
  2906 | D:6      | Killed a sky beast
  2906 | D:6      | Reached skill level 3 in Transmutations
  2935 | D:6      | Your scales start taking on a pale cyan-grey colour.
  2935 | D:6      | Reached XP level 7. HP: 28/52 MP: 10/10
  3092 | D:6      | Found Veuqilih's Antique Armour Emporium.
  3358 | D:6      | Reached skill level 4 in Transmutations
  3637 | D:6      | Reached skill level 5 in Transmutations
  3856 | D:6      | Reached skill level 6 in Transmutations
  4088 | D:6      | Reached XP level 8. HP: 59/59 MP: 7/11
  4095 | D:6      | Reached skill level 7 in Transmutations
  5264 | D:6      | Reached skill level 8 in Transmutations
  5414 | D:7      | Noticed a hippogriff
  5570 | D:6      | HP: 2/59 [hippogriff (3)]
  5571 | D:6      | Killed a hippogriff
  5911 | D:6      | Reached skill level 9 in Transmutations
  6133 | D:7      | Noticed a hornet
  6381 | D:6      | Learned a level 5 spell: Blade Hands
  6618 | D:7      | Paralysed by a hornet for 3 turns
  6625 | D:6      | Paralysed by a hornet for 3 turns
  7063 | D:7      | Reached XP level 9. HP: 34/64 MP: 0/12
  7078 | D:6      | Reached skill level 10 in Transmutations
  7397 | D:6      | Paralysed by a hornet for 1 turns
  7937 | D:7      | Found Uqapol's Book Boutique.
  8009 | D:7      | Reached skill level 5 in Fighting
  8433 | D:6      | Identified 2 scrolls of acquirement
  8751 | D:7      | Reached XP level 10. HP: 52/84 MP: 9/17
  9257 | D:8      | Found a glowing golden altar of the Shining One.
  9293 | D:8      | HP: 4/84 [wight/+0 spear (1)]
  9701 | D:8      | Found a white marble altar of Elyvilon.
  9716 | D:8      | Noticed a two-headed ogre
 10044 | D:8      | Reached skill level 5 in Spellcasting
 10201 | D:4      | Found a snail-covered altar of Cheibriados.
 10905 | D:3      | Found a sacrificial altar of Ru.
 10982 | D:3      | Became a worshipper of Ru the Awakened
 11229 | D:4      | Found a staircase to the Ecumenical Temple.
 11247 | Temple   | Entered the Ecumenical Temple
 11664 | D:4      | Found an opulent altar of Gozag.
 11688 | D:4      | Noticed Duvessa
 11690 | D:4      | Noticed Dowan
 11697 | D:4      | Killed Duvessa
 11703 | D:4      | Killed Dowan
 12740 | D:8      | Found a staircase to the Lair.
 12750 | D:8      | Noticed a two-headed ogre
 12779 | D:8      | Killed a two-headed ogre
 13200 | D:9      | Found Gynuc's Antique Armour Shoppe.
 13286 | D:9      | Found a basalt altar of Yredelemnul.
 13286 | D:9      | Noticed a white ugly thing
 13574 | D:8      | Killed a two-headed ogre
 13818 | D:8      | Learned a level 6 spell: Statue Form
 13819 | Lair:1   | Entered Level 1 of the Lair of Beasts
 13961 | Lair:1   | Noticed a spiny frog
 13969 | Lair:1   | Killed a spiny frog
 13969 | Lair:1   | Reached skill level 1 in Earth Magic
 14035 | Lair:1   | Noticed a black mamba
 14042 | Lair:1   | Killed a black mamba
 14060 | Lair:1   | Reached XP level 11. HP: 62/95 MP: 15/22
 14066 | Lair:1   | Gained mutation: You cannot drink potions while threatened.
                  | [Ru sacrifice]
 14066 | Lair:1   | Reached * piety under Ru
 14218 | Lair:1   | Learned a level 3 spell: Regeneration
 14332 | Lair:1   | Reached skill level 1 in Charms
 15560 | Lair:2   | Found a hole to the Spider Nest.
 15560 | Lair:2   | Noticed an orb spider
 15822 | Lair:2   | Reached skill level 5 in Earth Magic
 17666 | Lair:3   | Noticed Qocimuv's ghost (journeyman GrFi)
 17701 | Lair:3   | Found a transporter.
 18124 | Lair:3   | Found a transporter.
 18222 | Lair:3   | Reached skill level 5 in Charms
 18376 | Lair:3   | Killed from afar by a lava snake

Levels and vault maps discovered:
D:1:      dpeg_arrival_shrine, layout_basic
D:2:      layout_loops_cross, grunt_dithmenos_smoke, lemuel_doored_altar,
          kennysheep_vampire_church, grunt_ministairs_3, minmay_cut_off
D:3:      layout_loops_ring, lemuel_coloured_pillars_altar,
          kennysheep_jessica_study
D:4:      layout_rooms, nicolae_gozag_seed_capital, lemuel_round_altar,
          minmay_temple_entry_nine_rooms, kennysheep_generic_room_13,
          uniq_duvessa
D:5:      layout_rooms, first_ration, serial_shops, shop_fountains, shop,
          shop_fountains, nicolae_shop_crystal, kennysheep_little_box
D:6:      cheibrodos_thug_alley, layout_basic, serial_shops,
          nicolae_shop_window_shopping
D:7:      layout_cave_pools, serial_shops, nicolae_shop_crystal, minivault_14,
          the_bakery, kennysheep_generic_room_4
D:8:      layout_loops_ring, kennysheep_mini, lair_entry_dummy,
          nicolae_tso_besieged_by_evil
D:9:      layout_basic, yredelemnul_altar_generic, orc_0_dummy, serial_shops,
          nicolae_shop_statue_plus, nicolae_shop_crystal, shop, shop_statue,
          shop
Temple:   eino_narrow_crystal_temple
Lair:1:   layout_small_grid, disabler_island, grunt_megastairs_2
Lair:2:   layout_hall_layers, nicolae_swamp_entry_splash_gauntlet,
          nicolae_spider_entry_orb_guardian
Lair:3:   cheibrodos_magma_flow, layout_regular_city,
          gammafunk_ghost_berserking_beasts

Skill      XL: |  1  2  3  4  5  6  7  8  9 10 11 |
---------------+----------------------------------+-----
Unarmed Combat | 4 5 6 7 8 |  8.0
Transmutations | 3 6 9 10 | 10.4
Fighting       | 6 8 |  8.3
Spellcasting   | 4 7 |  7.4
Earth Magic    | 3 5 |  5.0
Charms         | 5 |  5.2
Dodging        | 4 |  4.9

Action                   |  1- 3 |  4- 6 |  7- 9 | 10-12 || total
-------------------------+-------+-------+-------+-------++-------
Melee: Unarmed           |   136 |   137 |   266 |   370 ||   909
       Tailslap          |    15 |     8 |    20 |    34 ||    77
       Headbutt          |     5 |     1 |       |       ||     6
       Kick              |     9 |     3 |       |       ||    12
       Punch             |     1 |     2 |    10 |     5 ||    18
 Cast: Beastly Appendage |    14 |     5 |       |       ||    19
       Sticks to Snakes  |     2 |     6 |    23 |    35 ||    66
       Spider Form       |       |     4 |    13 |       ||    17
       Blade Hands       |       |       |    11 |    37 ||    48
Invok: Sacrifice Drink   |       |       |       |     1 ||     1
 Abil: Breathe Steam     |       |       |    10 |     3 ||    13
Evoke: Wand              |       |       |       |     1 ||     1
  Use: Potion            |       |       |     4 |       ||     4
       Scroll            |       |       |     6 |    15 ||    21
 Stab: Sleeping          |     1 |     1 |     1 |     2 ||     5
       Distracted        |       |     1 |       |     2 ||     3
  Eat: Chunk             |     2 |     6 |    21 |    27 ||    56
       Ration            |       |       |     2 |     4 ||     6
Armor: Skin              |    48 |    41 |    54 |    76 ||   219
Dodge: Dodged            |    92 |   105 |   221 |   205 ||   623

Table legend:
 A = Non-vault XP
 B = Vault XP
 C = Vault XP percentage of total XP
 D = Non-vault monster count
 E = Vault monster count
 F = Vault count percentage of total count
                 A         B        C        D         E       F
            +---------+---------+-------+---------+---------+-------
      Total |   16674 |    2288 |  12.1 |     228 |      49 |  17.7
            +---------+---------+-------+---------+---------+-------
        D:1 |      59 |       0 |   0.0 |      28 |       0 |   0.0
        D:2 |      36 |     132 |  78.6 |      11 |      11 |  50.0
        D:3 |      66 |      39 |  37.1 |      15 |       2 |  11.8
        D:4 |     135 |     227 |  62.7 |      12 |       2 |  14.3
        D:5 |     296 |       0 |   0.0 |      15 |       0 |   0.0
        D:6 |    2525 |     114 |   4.3 |      47 |      11 |  19.0
        D:7 |    2174 |     308 |  12.4 |      25 |       2 |   7.4
        D:8 |    2923 |      24 |   0.8 |      30 |      13 |  30.2
        D:9 |     206 |       0 |   0.0 |       5 |       0 |   0.0
     Lair:1 |    2754 |     565 |  17.0 |      14 |       3 |  17.6
     Lair:2 |    1143 |     316 |  21.7 |       7 |       2 |  22.2
     Lair:3 |    4357 |     563 |  11.4 |      19 |       3 |  13.6
            +---------+---------+-------+---------+---------+-------
